 Dungeon Crawl Stone Soup version 0.18.1-48-g4cf74bf (webtiles) character file.

326 Lennu the Insei (level 6, 0/30 HPs)
             Began as a Vine Stalker Transmuter on July 11, 2016.
             Slain by a crocodile (9 damage)
             ... in a sewer.
             The game lasted 00:18:03 (2872 turns).

Lennu the Insei (Vine Stalker Transmuter)           Turns: 2872, Time: 00:18:04

Health: 0/30       AC:  9    Str: 12 (13) XL:     6   Next: 49%
Magic:  0/11       EV: 12    Int: 12 (13) God:
Gold:   121        SH:  5    Dex: 13 (16) Spells: 1 memorised, 9 levels left

rFire  . . .     SeeInvis .       - Unarmed
rCold  . . .     Gourm    .     g - +3 leather armour
rNeg   . . .     Faith    .     (no shield)
rPois  .         Spirit   +     b - +2 helmet
rElec  .         Dismiss  .     (no cloak)
rCorr  .         Reflect  +     (no gloves)
SustAt .         Harm     .     (no boots)
MR     .....                    a - +5 amulet of reflection
Stlth  +.........               (no ring)
                                (no ring)

@: not resistant to hostile enchantments, very unstealthy
A: fangs 2, regeneration 2, magic shield, antimagic bite, no device heal 3, rot
immunity
a: no special abilities


You were in a sewer.
You were not hungry.

You visited 1 branch of the dungeon, and saw 3 of its levels.
You also visited: Sewer.

You collected 121 gold pieces.

Inventory:

Armour
 b - a +2 helmet (worn)
 g - a +3 leather armour (worn)
 u - a +1 hat
 z - a +0 leather armour
Jewellery
 a - a +5 amulet of reflection (around neck)
 o - an uncursed amulet of dismissal
Wands
 f - a wand of polymorph (7/24)
Scrolls
 e - a scroll of teleportation {unknown}
 i - 4 scrolls of immolation
 j - a scroll of fear {unknown}
 k - 6 scrolls of identify
 q - 4 scrolls of recharging
Potions
 t - a potion of might {unknown}
 v - 2 potions of beneficial mutation {unknown}
Books
 c - a book of Changes

   Spells                             Type                      Level
   a - Beastly Appendage              Transmutation                1
   b - Sticks to Snakes               Transmutation                2
   c - Spider Form                    Transmutation/Poison         3
   d - Ice Form                       Ice/Transmutation            4
   e - Blade Hands                    Transmutation                5
Comestibles
 d - 4 bread rations
 h - 4 chunks of flesh
 m - a meat ration
 w - 3 fruits


   Skills:
 * Level 2.1 Fighting
 * Level 1.3 Armour
 * Level 3.0 Dodging
 * Level 1.5 Stealth
 * Level 4.1 Unarmed Combat
 + Level 2.7 Spellcasting
 * Level 3.2 Transmutations


You had 9 spell levels left.
You knew the following spells:

 Your Spells              Type           Power        Failure   Level  Hunger
a - Beastly Appendage     Trmt           #.....       12%         1    #......


Dungeon Overview and Level Annotations

Branches:
Dungeon (3/15)

Altars:
Qazlal
Xom
Zin
The Shining One


Innate Abilities, Weirdness & Mutations

You have extremely sharp teeth.
You heal very quickly.
When hurt, damage is shared between your health and your magic reserves.
Your bite disrupts and absorbs the magic of your enemies.
Potions and wands cannot restore your health.
You are immune to rotting.


Message History

The crocodile is moderately wounded.
The crocodile bites you but does no damage.
You hit the crocodile.
The crocodile is moderately wounded.
The crocodile bites you!
You hit the crocodile but do no damage.
You claw the crocodile, but do no damage.
The crocodile is moderately wounded.
You block the crocodile's attack.
You barely miss the crocodile.
You punch the crocodile, but do no damage.
You bite the crocodile, but do no damage.
The crocodile is moderately wounded.
The crocodile bites you!
* * * LOW HITPOINT WARNING * * *
Your talons disappear.
You enter the shallow water.
Moving in this stuff is going to be slow.
The crocodile bites you!
You die...

#))#.#)$#
#(.#≈#.)
#.≈.#
##≈.≈##
#..≈..#
#..≈..##
#...#...#
#.≈###.t##
#.≈. #.@.#
#≈≈# ##≈.#
#.. #≈.#
#.≈ #≈.#
#..# ##≈.#
#... #≈..#
#.≈###.≈##
#...#...#
#≈....##


You could see a crocodile.

Vanquished Creatures
  Grinder (D:3)
  3 adders
  An ooze (D:2)
  4 worms (D:2)
  2 dart slugs
  A giant gecko (D:2)
  9 orcs (D:3)
  4 giant cockroaches
  3 goblins (D:1)
  9 hobgoblins
  8 jackals
  A ball python (D:2)
  11 bats
  2 giant newts (D:2)
  8 kobolds
  6 rats
73 creatures vanquished.

Notes
Turn   | Place    | Note
--------------------------------------------------------------
     0 | D:1      | Lennu the Vine Stalker Transmuter began the quest for the Orb.
     0 | D:1      | Reached XP level 1. HP: 9/9 MP: 4/4
   278 | D:1      | Reached XP level 2. HP: 10/14 MP: 1/6
   721 | D:1      | Reached XP level 3. HP: 17/17 MP: 7/7
   890 | D:1      | Reached skill level 1 in Fighting
  1248 | D:2      | Found a stormy altar of Qazlal.
  1268 | D:2      | Found a shimmering altar of Xom.
  1271 | D:2      | Found a shimmering altar of Xom.
  1275 | D:2      | Found a shimmering altar of Xom.
  1277 | D:2      | Found a shimmering altar of Xom.
  1478 | D:2      | Found a glowing golden altar of the Shining One.
  1652 | D:2      | Reached XP level 4. HP: 20/22 MP: 8/8
  2474 | D:3      | Reached XP level 5. HP: 25/25 MP: 9/9
  2531 | D:3      | Found a glowing silver altar of Zin.
  2569 | D:3      | Noticed Grinder
  2592 | D:3      | Paralysed by Grinder for 6 turns
  2608 | D:3      | Killed Grinder
  2608 | D:3      | Reached skill level 1 in Armour
  2608 | D:3      | Reached skill level 1 in Stealth
  2608 | D:3      | Reached skill level 4 in Unarmed Combat
  2608 | D:3      | Gained mutation: You heal very quickly. [Vine Stalker growth]
  2608 | D:3      | Reached XP level 6. HP: 18/30 MP: 4/11
  2752 | D:3      | Found a glowing drain.
  2770 | Sewer    | Entered a sewer
  2872 | Sewer    | Slain by a crocodile

Skill      XL: |  1  2  3  4  5  6 |
---------------+-------------------+-----
Dodging        | 2 3 |  3.0
Fighting       | 1 2 |  2.1
Armour         | 1 |  1.3
Stealth        | 1 |  1.5
Unarmed Combat | 4 |  4.1
Transmutations | 3 |  3.2
Spellcasting   | |  2.7

Action                   |  1- 3 |  4- 6 || total
-------------------------+-------+-------++-------
Melee: Unarmed           |   132 |   135 ||   267
       Bite              |    28 |    32 ||    60
       Kick              |    19 |    29 ||    48
       Headbutt          |    11 |     2 ||    13
       Punch             |     1 |     1 ||     2
 Cast: Beastly Appendage |    27 |    19 ||    46
  Use: Scroll            |       |     7 ||     7
       Potion            |       |     6 ||     6
 Stab: Sleeping          |     3 |     1 ||     4
  Eat: Chunk             |     1 |     3 ||     4
       Bread ration      |     1 |       ||     1
Armor: Robe              |    35 |     4 ||    39
       Leather armour    |       |    27 ||    27
Dodge: Dodged            |    80 |    68 ||   148
Block: Other             |       |    25 ||    25
